 Dungeon Crawl Stone Soup version 0.25-a0-109-ge9c0e85935 (webtiles) character file.

Game seed: 14062900489328870843, levelgen mode: deterministic

179 vurker the Skirmisher (level 5, 0/42 HPs)
             Began as a Formicid Abyssal Knight on Nov 18, 2019.
             Was a Believer of Lugonu.
             Slain by Crazy Yiuf
             ... wielding a +4 quarterstaff of chaos
              (5 damage)
             ... on level 3 of the Dungeon.
             The game lasted 00:05:38 (3981 turns).

vurker the Skirmisher (Formicid Abyssal Knight)     Turns: 3981, Time: 00:05:39

Health: 0/42       AC:  7    Str: 17    XL:     5   Next: 90%
Magic:  7/7        EV:  7    Int: 12    God:    Lugonu [**....]
Gold:   128        SH:  8    Dex: 10    Spells: 4/4 levels left

rFire    . . .     SeeInvis +   f - +1 hand axe (chop)
rCold    . . .     Gourm    .   c - +0 shield
rNeg     . . .     Faith    .   j - +0 scale mail
rPois    .         Spirit   .   (helmet unavailable)
rElec    .         Reflect  .   (no cloak)
rCorr    .         Harm     .   g - +0 pair of gloves
MR       .....                  (no boots)
Stlth    ..........             (no amulet)
HPRegen  0.14/turn              (no ring)
MPRegen  0.10/turn              (no ring)

@: lethally poisoned (0 -> -3)
A: permanent stasis, dig shafts and tunnels, four strong arms, antennae 3
a: Dig, Shaft Self, Depart the Abyss, Bend Space, Renounce Religion


You were on level 3 of the Dungeon.
You worshipped Lugonu.
Lugonu was pleased with you.
You were not hungry.

You visited 1 branch of the dungeon, and saw 3 of its levels.
You visited the Abyss 1 time.

You collected 128 gold pieces.

Inventory:

Hand Weapons
 f - a +1 hand axe of chopping (weapon)
   (You found it on level 1 of the Dungeon)
Armour
 c - a +0 shield (worn)
   (You found it on level 1 of the Abyss)
 g - a +0 pair of gloves (worn)
   (You found it on level 1 of the Dungeon)
 j - a +0 scale mail (worn)
   (You took it off Ijyb on level 3 of the Dungeon)
Scrolls
 d - 2 scrolls of identify
 h - 2 scrolls of remove curse
Potions
 a - 2 potions of invisibility
 k - 2 potions of heal wounds
Comestibles
 e - 10 rations
 i - 10 chunks of flesh


   Skills:
 + Level 4.2 Fighting
 * Level 3.8 Axes
 - Level 2.1 Armour
 - Level 0.8 Dodging
 + Level 2.4 Shields
 + Level 3.5 Invocations


You had 4 spell levels left.
You didn't know any spells.
Your spell library was empty.

Dungeon Overview and Level Annotations

Branches:
Dungeon (3/15)

Altars:

Annotations:
D:3 Crazy Yiuf


Innate Abilities, Weirdness & Mutations

You cannot be hasted, slowed, berserked, paralysed or teleported.
You can dig through walls and to a lower floor.
Your four strong arms can wield two-handed weapons with a shield.
You have a pair of large antennae on your head. (SInv)


Message History

You finish taking off your +0 leather armour.
You start putting on your armour.
You continue putting on your +0 scale mail. x5
You finish putting on your +0 scale mail.
Drop what? 11/52 slots (_ for help) (? for menu, Esc to quit)
You drop a +0 leather armour.
You start resting.
Crazy Yiuf yells, "Announcement sing ena!"
Crazy Yiuf screams, "Tosser seventy tortoise!"
Crazy Yiuf whimpers, "Citrus snail seventy!"
Crazy Yiuf screams, "Adder green arga!"
Crazy Yiuf yells, "Seed!
Hack turtle hand."
Crazy Yiuf says, "Crazy?
Crazy!?
PORCUPINE!"
Crazy Yiuf twirls on the spot.
As you open the door, it creaks loudly!
You hit Crazy Yiuf.
Crazy Yiuf cries, "You leg down broken song, no?"
You block Crazy Yiuf's attack.
You hit Crazy Yiuf.
Crazy Yiuf hits you with a +4 quarterstaff of chaos.
You are poisoned.
You hit Crazy Yiuf but do no damage.
You feel sick. Crazy Yiuf barely misses you.
You barely miss Crazy Yiuf.
You feel sick.
Crazy Yiuf yells, "Spliff!
Candle rumpyflump alas."
Crazy Yiuf hits you with a +4 quarterstaff of chaos.
Crazy Yiuf burns you.
You barely miss Crazy Yiuf. Crazy Yiuf hits you but does no damage.
You hit Crazy Yiuf.
You feel sick.
Crazy Yiuf hits you with a +4 quarterstaff of chaos.
You hit Crazy Yiuf.
You feel sick. Crazy Yiuf hits you but does no damage.
Your stasis prevents you from being hasted.
You hit Crazy Yiuf but do no damage.
Crazy Yiuf hits you with a +4 quarterstaff of chaos.
You are confused.
You bump into the tree.
Crazy Yiuf hits you with a +4 quarterstaff of chaos!
* * * LOW HITPOINT WARNING * * *
You are more confused.
You bump into the tree.
You feel sick. Crazy Yiuf completely misses you.
You bump into the stone wall.
Crazy Yiuf grits, "Rot shoe poople!"
Crazy Yiuf hits you with a +4 quarterstaff of chaos!
* * * LOW HITPOINT WARNING * * *
Your stasis prevents you from being paralysed.
You barely miss Crazy Yiuf.
You feel less confused.
Crazy Yiuf says, "Powder foot mobile!"
Crazy Yiuf hits you with a +4 quarterstaff of chaos.
You die...

#....###.#
#....#
#.##########
♣....♣
#..........#
♣♣...♣
##.........#
♣♣.♣♣
#.........#
♣♣.♣
#.........#
♣[♣♣
#.........#
♣♣.♣
#....(....#
♣@♣♣
##.........#
#g#
#..........#
...
##...>.....#
#...#
#....÷....#
#)..#
#.........#
#####
#.........#
##.########
#.#....÷..
#......÷..


You could see Crazy Yiuf.

Vanquished Creatures
  An orc wizard (D:3)
  Ijyb (D:3)
  5 adders
  An ooze (D:2)
  3 dart slugs
  6 orcs (D:3)
  2 bats
  3 giant cockroaches
  8 hobgoblins
  3 jackals (D:3)
  14 kobolds
  5 frilled lizards
  6 goblins
  8 rats
66 creatures vanquished.

Notes
Turn   | Place    | Note
-------+----------+-------------------------------------------
     0 | Abyss:1  | vurker the Formicid Abyssal Knight began the quest for the
                  | Orb.
     0 | Abyss:1  | Reached XP level 1. HP: 18/18 MP: 2/2
   137 | Abyss:1  | Noticed a rakshasa
   142 | D:1      | Escaped the Abyss
   348 | D:1      | Reached XP level 2. HP: 17/24 MP: 3/3
   516 | D:1      | Reached * piety under Lugonu
   901 | D:1      | Reached skill level 1 in Shields
  1236 | D:1      | Reached XP level 3. HP: 29/29 MP: 4/4
  1910 | D:2      | Reached XP level 4. HP: 11/37 MP: 6/6
  3308 | D:3      | Reached ** piety under Lugonu
  3309 | D:3      | Reached XP level 5. HP: 31/42 MP: 7/7
  3332 | D:3      | Reached skill level 4 in Fighting
  3888 | D:3      | Found a runed translucent door.
  3888 | D:3      | Noticed Ijyb
  3889 | D:3      | Noticed Crazy Yiuf
  3916 | D:3      | Killed Ijyb
  3981 | D:3      | Slain by Crazy Yiuf

Levels and vault maps discovered:
D:1:      dpeg_arrival_tiny_d, layout_basic, grunt_decor_fettered,
          minmay_misc_feat_tower, minmay_tromino_v2
D:2:      layout_loops_ring, first_ration, minmay_small_reverse_x
D:3:      layout_basic, minivault_27, uniq_sigmund, uniq_crazy_yiuf_cottage,
          uniq_ijyb

Skill      XL: |  1  2  3  4  5 |
---------------+----------------+-----
Shields        | 1 2 |  2.4
Axes           | 3 |  3.8
Invocations    | 3 |  3.5
Fighting       | 4 |  4.2
Armour         | |  2.1
Dodging        | |  0.8

Action                   |  1- 3 |  4- 6 || total
-------------------------+-------+-------++-------
Melee: Hand axe          |   107 |   144 ||   251
Invok: Depart the Abyss  |     1 |       ||     1
  Use: Scroll            |       |     8 ||     8
  Eat: Chunk             |     3 |     7 ||    10
Armor: Leather armour    |    24 |    35 ||    59
       Scale mail        |       |     2 ||     2
Dodge: Dodged            |    34 |    56 ||    90
Block: Shield            |    38 |    54 ||    92

Table legend:
 A = Non-vault XP
 B = Vault XP
 C = Vault XP percentage of total XP
 D = Non-vault monster count
 E = Vault monster count
 F = Vault count percentage of total count
                 A         B        C        D         E       F
            +---------+---------+-------+---------+---------+-------
      Total |     211 |      45 |  17.6 |      59 |       7 |  10.6
            +---------+---------+-------+---------+---------+-------
        D:1 |      40 |       3 |   7.0 |      19 |       2 |   9.5
        D:2 |      69 |       6 |   8.0 |      18 |       4 |  18.2
        D:3 |     102 |      36 |  26.1 |      22 |       1 |   4.3
            +---------+---------+-------+---------+---------+-------
